 Dungeon Sprint DCSS version 0.19-a0-811-gf4045fb (webtiles) character file.

3159 Musica the Warrior (level 9, -9/100 HPs)
             Began as a Minotaur Fighter on June 28, 2016.
             Was an Elder of Uskayaw.
             Mangled by a seven-headed hydra (10 damage)
             ... in the Dungeon (Sprint IX: "|||||||||||||||||||||||||||||").
             The game lasted 00:04:43 (509 turns).

Musica the Warrior (Minotaur Fighter)                Turns: 509, Time: 00:04:44

Health: -9/100     AC: 13    Str: 25    XL:     9   Next: 62%
Magic:  2/15       EV:  8    Int:  5    God:    Uskayaw [****..]
Gold:   0          SH: 12    Dex: 17    Spells: 0 memorised, 8 levels left

rFire  . . .     SeeInvis .     o - +1 broad axe (elec)
rCold  . . .     Gourm    .     a - +1 chain mail
rNeg   . . .     Faith    .     c - +0 shield
rPois  .         Spirit   .     (helmet restricted)
rElec  .         Dismiss  .     (no cloak)
rCorr  .         Reflect  .     (no gloves)
SustAt .         Harm     .     (no boots)
MR     .....     NoTele   +     (no amulet)
Stlth  ..........               p - +2 ring of protection
                                b - +3 ring of dexterity

@: mighty, not resistant to hostile enchantments, extremely unstealthy
A: retaliatory headbutt, horns 2
a: Stomp, Line Pass, Renounce Religion


You were in the Dungeon.
You worshipped Uskayaw.
Uskayaw was greatly pleased with you.
You were not hungry.

You visited 1 branch

Inventory:

Hand Weapons
 o - a +1 broad axe of electrocution (weapon)
Armour
 a - a +1 chain mail (worn)
 c - a +0 shield (worn)
Jewellery
 b - a +3 ring of dexterity (left hand)
 p - a +2 ring of protection (right hand)
Wands
 n - a wand of lightning (5/15)
Scrolls
 k - 2 scrolls of blinking
 l - 4 scrolls of remove curse
 m - 2 scrolls of amnesia
 s - a scroll of recharging
 t - 2 scrolls of fog
 u - a scroll of fear
Potions
 e - 6 potions of curing
 g - 3 potions of heal wounds
 h - 2 potions of haste
 i - 4 potions of magic
 j - a potion of invisibility
 q - a potion of agility
 r - a potion of brilliance
Comestibles
 f - a bread ration


   Skills:
 + Level 15.6 Fighting
 + Level 13.6 Axes
 - Level 7.5 Armour
 - Level 1.2 Dodging
 - Level 8.7 Shields
 * Level 10.6 Invocations


You had 8 spell levels left.
You didn't know any spells.

Dungeon Overview and Level Annotations

Branches:
Dungeon (1/1)

Altars:
Cheibriados
Dithmenos
Elyvilon
Fedhas
Gozag
Hepliaklqana
Kikubaaqudgha
Makhleb
Nemelex Xobeh
Okawaru
Pakellas
Qazlal
Ru
Sif Muna
Trog
Uskayaw
Vehumet
Xom
Yredelemnul
Zin
The Shining One
Beogh
Jiyva
Lugonu


Innate Abilities, Weirdness & Mutations

You reflexively headbutt those who attack you in melee.
You have a pair of horns on your head.


Message History

* * * LOW HITPOINT WARNING * * *
The seven-headed hydra bites you.
* * * LOW HITPOINT WARNING * * *
The seven-headed hydra bites you.
* * * LOW HITPOINT WARNING * * *
The seven-headed hydra bites you!
* * * LOW HITPOINT WARNING * * *
The seven-headed hydra barely misses you.
You feel much better.
The seven-headed hydra is no longer sharing its pain.
The seven-headed hydra bites you.
* * * LOW HITPOINT WARNING * * *
The seven-headed hydra bites you!
* * * LOW HITPOINT WARNING * * *
The seven-headed hydra bites you!
* * * LOW HITPOINT WARNING * * *
The seven-headed hydra bites you but does no damage.
You block the seven-headed hydra's attack.
The seven-headed hydra bites you!
You die...

▓▓▓▓▓▓▓▓▓▓▓▓▓▓▓▓▓▓▓▓▓▓▓
.....((.....†..D@†....+
▓▓▓▓▓▓▓▓▓▓▓▓▓▓▓▓▓▓▓▓▓▓▓▓▓▓▓▓▓▓▓▓▓
.................................
▓▓▓▓▓▓▓▓▓▓▓▓▓▓▓▓▓▓▓▓▓▓▓▓▓▓▓▓▓▓▓▓▓
.†)....'________________________'
▓▓▓▓▓▓▓▓▓▓▓▓▓▓▓▓▓▓▓▓▓▓▓▓▓▓▓▓▓▓▓▓▓


You could see a seven-headed hydra.

Vanquished Creatures
  A centaur warrior (D)
  A cyclops (D)
  A spiny frog (D)
  A rime drake (D)
  A blink frog (D)
  A yak (D)
  A hippogriff (D)
  2 basilisks (D)
  2 water moccasins (D)
  An orc warrior (D)
  An ogre (D)
  2 phantoms (D)
  A giant frog (D)
  A wight (D)
  A howler monkey (D)
  2 crimson imps (D)
  2 iguanas (D)
  A worker ant (D)
  A shadow imp (D)
  A dart slug (D)
  A giant gecko (D)
  A giant cockroach (D)
  A kobold (D)
  A giant newt (D)
  A rat (D)
30 creatures vanquished.

Notes
Turn   | Place    | Note
--------------------------------------------------------------
     0 | D        | Musica the Minotaur Fighter began the quest for the Orb.
     0 | D        | Reached XP level 1. HP: 19/19 MP: 0/0
     9 | D        | Reached skill level 4 in Fighting
    19 | D        | Noticed a crimson imp
    19 | D        | Noticed an ogre
    19 | D        | Noticed a phantom
    20 | D        | Reached XP level 2. HP: 28/28 MP: 1/1
    24 | D        | Killed a crimson imp
    24 | D        | Reached skill level 5 in Fighting
    24 | D        | Reached skill level 5 in Armour
    24 | D        | Reached XP level 3. HP: 37/37 MP: 2/2
    26 | D        | Killed an ogre
    26 | D        | Reached skill level 7 in Fighting
    26 | D        | Reached XP level 4. HP: 48/48 MP: 3/3
    41 | D        | Killed a phantom
    41 | D        | Reached skill level 9 in Fighting
    41 | D        | Reached skill level 5 in Axes
    41 | D        | Reached skill level 1 in Dodging
    41 | D        | Reached XP level 5. HP: 31/57 MP: 4/4
    51 | D        | Found a glowing silver altar of Zin.
    51 | D        | Found a glowing golden altar of the Shining One.
    51 | D        | Found an ancient bone altar of Kikubaaqudgha.
    51 | D        | Found a basalt altar of Yredelemnul.
    51 | D        | Found a shimmering altar of Xom.
    51 | D        | Found a radiant altar of Vehumet.
    52 | D        | Found an iron altar of Okawaru.
    53 | D        | Found a burning altar of Makhleb.
    54 | D        | Found a deep blue altar of Sif Muna.
    55 | D        | Found a bloodstained altar of Trog.
    56 | D        | Found a sparkling altar of Nemelex Xobeh.
    57 | D        | Found a white marble altar of Elyvilon.
    58 | D        | Found a roughly hewn altar of Beogh.
    59 | D        | Found a viscous altar of Jiyva.
    60 | D        | Found a corrupted altar of Lugonu.
    61 | D        | Found a blossoming altar of Fedhas.
    62 | D        | Found a snail-covered altar of Cheibriados.
    63 | D        | Found a shadowy altar of Dithmenos.
    64 | D        | Found a stormy altar of Qazlal.
    65 | D        | Found an opulent altar of Gozag.
    66 | D        | Found a sacrificial altar of Ru.
    67 | D        | Found an oddly glowing altar of Pakellas.
    68 | D        | Found a hide-covered altar of Uskayaw.
    69 | D        | Found a hazy altar of Hepliaklqana.
    78 | D        | Became a worshipper of Uskayaw the Reveler
   113 | D        | Noticed an orc warrior
   116 | D        | Reached * piety under Uskayaw
   117 | D        | Reached ** piety under Uskayaw
   118 | D        | Killed an orc warrior
   118 | D        | Reached XP level 6. HP: 54/66 MP: 4/7
   120 | D        | Reached skill level 10 in Fighting
   123 | D        | Reached *** piety under Uskayaw
   124 | D        | Reached **** piety under Uskayaw
   126 | D        | Reached skill level 11 in Fighting
   126 | D        | Reached skill level 5 in Invocations
   135 | D        | Noticed a hippogriff
   135 | D        | Noticed a cyclops
   135 | D        | Noticed a basilisk
   135 | D        | Noticed a centaur warrior
   138 | D        | Killed a hippogriff
   138 | D        | Reached XP level 7. HP: 53/75 MP: 6/10
   138 | D        | Reached ***** piety under Uskayaw
   145 | D        | Reached skill level 12 in Fighting
   147 | D        | Reached ****** piety under Uskayaw
   148 | D        | Killed a cyclops
   148 | D        | Reached skill level 13 in Fighting
   148 | D        | Reached skill level 10 in Axes
   148 | D        | Reached XP level 8. HP: 63/86 MP: 8/12
   155 | D        | Killed a centaur warrior
   155 | D        | Reached skill level 14 in Fighting
   490 | D        | Noticed a four-headed hydra
   490 | D        | Noticed a rime drake
   493 | D        | Noticed a spiny frog
   493 | D        | Reached XP level 9. HP: 80/96 MP: 10/15
   500 | D        | Killed a rime drake
   500 | D        | Reached skill level 15 in Fighting
   500 | D        | Reached skill level 10 in Invocations
   501 | D        | Killed a spiny frog
   508 | D        | HP: 4/100 [seven-headed hydra (11)]
   509 | D        | HP: 1/100 [seven-headed hydra (12)]
   509 | D        | Mangled by a seven-headed hydra

Vault maps used:
D:        linesprint

Skill      XL: |  1  2  3  4  5  6  7  8  9 |
---------------+----------------------------+-----
Shields        | 4 6 7 8 |  8.7
Fighting       | 4 5 7 9 11 13 14 15 | 15.6
Armour         | 4 5 6 7 |  7.5
Axes           | 3 4 5 6 8 10 12 13 | 13.6
Dodging        | 1 |  1.2
Invocations    | 3 6 7 9 10 | 10.6

Action                   |  1- 3 |  4- 6 |  7- 9 || total
-------------------------+-------+-------+-------++-------
Melee: War axe           |    14 |     9 |       ||    23
       Headbutt          |     2 |     5 |     8 ||    15
       Broad axe         |       |    17 |    24 ||    41
Invok: Stomp             |       |       |     3 ||     3
       Line Pass         |       |       |     1 ||     1
Evoke: Wand              |       |       |     2 ||     2
  Use: Potion            |     1 |       |     4 ||     5
 Stab: Paralysed         |       |     1 |     2 ||     3
Armor: Scale mail        |     6 |     1 |       ||     7
       Chain mail        |       |     5 |    17 ||    22
Dodge: Dodged            |     5 |     4 |    10 ||    19
Block: Shield            |     3 |    14 |    27 ||    44
